 Dungeon Crawl Stone Soup version 0.31-a0-851-g7ff8af7976 (webtiles) character file.

Game seed: 2051531327707401865

6351 Gargoyl the Protected (level 10, -1/61 HPs)
             Began as a Gargoyle Berserker on Oct 5, 2023.
             Was a Believer of Trog.
             Killed by divine providence
             ... invoked by an orc priest
              (12 damage)
             ... on level 9 of the Dungeon.
             The game lasted 00:09:47 (6224 turns).

Gargoyl the Protected (Gargoyle Berserker)          Turns: 6224, Time: 00:09:48

Health: -1/61      AC: 22    Str: 22    XL:     10   Next: 96%
Magic:  10/10      EV: 10    Int:  7    God:    Trog [**....]
Gold:   529        SH:  4    Dex: 13    Spells: 9/9 levels left

rFire   . . .        a - +1 hand axe (flame)
rCold   . . .        o - +0 buckler
rNeg    + . .        q - +0 chain mail
rPois   ∞            (no helmet)
rElec   +            (no cloak)
rCorr   .            g - +2 pair of gloves
SInv    .            (no boots)
Will    +++..        (no amulet) Stlth
                     (no ring)
HPRegen 2.10/turn    (no ring)
MPRegen 0.12/turn

%: no passive effects
@: strong-willed, on berserk cooldown, regenerating, slowed, very slow
A: sickness immunity, AC +7, negative energy resistance 1, electricity
resistance, torment resistance 1, petrification resistance, strong-willed 1,
regeneration 1
a: Renounce Religion, Berserk, Trog's Hand


You were on level 9 of the Dungeon.
You worshipped Trog.
Trog was pleased with you.
You visited 1 branch of the dungeon, and saw 9 of its levels.

You collected 529 gold pieces.

Inventory:

Hand Weapons
 a - a +1 hand axe of flaming (weapon)
 b - a +1 war axe of pain
Missiles
 p - 4 throwing nets
Armour
 g - a +2 pair of gloves (worn)
 o - a +0 buckler (worn)
 q - a +0 chain mail (worn)
 s - the +2 helmet of Dufulosh {rF+++ rC- Slay-2 SInv}
   (You found it on level 5 of the Dungeon)

   Slay-2:    It affects your accuracy & damage with ranged weapons and melee
   (-2).
   rF+++:     It renders you almost immune to fire.
   rC-:       It makes you vulnerable to cold.
   SInv:      It lets you see invisible.
Wands
 l - a wand of flame (1)
 m - a wand of paralysis (16)
 r - a wand of light (12)
Scrolls
 c - a scroll of identify
 d - a scroll of immolation
 f - 2 scrolls of revelation
 h - 4 scrolls of teleportation
 t - 4 scrolls of enchant armour
 u - a scroll of enchant weapon
 w - a scroll of blinking
 x - a scroll of fear
Potions
 e - 3 potions of heal wounds
 i - 2 potions of invisibility
 j - a potion of enlightenment
 k - 2 potions of berserk rage
 n - 3 potions of magic
 v - a potion of might


   Skills:
 + Level 6.8 Fighting
 + Level 9.6 Axes
 * Level 10.2 Armour
 * Level 6.0 Dodging
 + Level 1.0 Stealth
 + Level 1.1 Shields


You had 9 spell levels left.
You didn't know any spells.
Your spell library was empty.

Dungeon Overview and Level Annotations

Branches:
Dungeon (9/15)             Temple (0/1) D:7
   Lair: D:8-11         Orc: D:9-12

Altars:
Gozag
Makhleb
Trog
Uskayaw
Vehumet
Wu Jian
Zin

Shops:
D:1 :


Innate Abilities, Weirdness & Mutations

You are immune to sickness and miasma.
Your stone body is resilient. (AC +7)
You are immune to poison.
You resist negative energy. (rN+)
You are resistant to electric shocks. (rElec)
You are resistant to unholy torment.
You are immune to petrification.
You are strong-willed. (Will+)
Your natural rate of healing is unusually fast.


Message History

You barely miss the yak.
The yak is severely wounded.
You barely miss the yak. The yak gores you but does no damage.
The orc priest hits you but does no damage.
The yak barely misses you.
Unknown command.
You hit the yak. You burn the yak.
The yak is severely wounded.
You hit the yak. You burn the yak. The yak gores you but does no damage.
The orc priest hits you but does no damage.
You block the yak's attack.
Unknown command.
You hit the yak. You burn the yak.
The yak is severely wounded.
You hit the yak. You burn the yak. The yak gores you but does no damage.
The orc priest hits you but does no damage.
The yak gores you. The yak gores you but does no damage.
The orc priest hits you but does no damage.
The yak gores you but does no damage.
You hit the yak but do no damage.
The yak is severely wounded.
You hit the yak. You burn the yak. You block the yak's attack.
The orc priest invokes the aid of Beogh against you.
Beogh smites you! The yak completely misses you.
Unknown command.
You hit the yak. You burn the yak.
The yak is almost dead.
You barely miss the yak. The yak misses you.
The orc priest hits you but does no damage.
The yak gores you but does no damage.
Unknown command.
You closely miss the yak.
The yak is almost dead.
You hit the yak but do no damage. The yak barely misses you.
The orc priest calls down the wrath of Beogh upon you.
Beogh smites you! The yak gores you but does no damage. The yak gores you!
* * * LOW HITPOINT WARNING * * *
The orc priest invokes the aid of Beogh against you.
Beogh smites you!
You die...

#....# .~~≈~.~~. #...
####.####♣~~#~)≈ #...
#....≈~.~♣..~
#...#.###.....~..~~##
#...#..........♣.~..~
#...####..#####.)[~~.
####..{ ##.....~≈.♣~≈~
..?..oY#######.#........
.....oY@)........>#...##
....!##################
... .


You could see 2 yaks, an orc priest and an orc.

Vanquished Creatures
  Erica (D:8)
  2 two-headed ogres (D:7)
  An ugly thing (D:6)
  An unseen horror (D:6)
  Grinder (D:6)
  Prince Ribbit (D:8)
  A slime creature (D:6)
  A vampire (D:7)
  A wyvern (D:6)
  A wraith (D:6)
  5 yaks
  A steam dragon (D:9)
  An orc warrior (D:9)
  2 sky beasts (D:8)
  Duvessa (D:5)
  A centaur (D:9)
  A phantom (D:7)
  4 bullfrogs
  2 scorpions
  Dowan (D:5)
  An electric eel (D:7)
  A crimson imp (D:7)
  4 hounds (D:6)
  3 jellies
  3 orc priests
  4 gnoll boudas
  2 iguanas
  A sleepcap (D:6)
  Natasha (thrice) (D:2)
  4 orc wizards
  25 gnolls
  7 adders
  3 shadow imps
  A white imp (D:6)
  A worm (D:2)
  3 dart slugs
  28 orcs
  5 bats
  5 endoplasms
  3 giant cockroaches
  3 goblins (D:1)
  3 hobgoblins
  14 jackals
  3 quokkas
  5 ball pythons
  A frilled lizard (D:1)
  6 kobolds
  A rat (D:1)
173 creatures vanquished.

Vanquished Creatures (others)
  A gnoll (D:7)
1 creature vanquished.

Grand Total: 174 creatures vanquished

Notes
Turn   | Place    | Note
-------+----------+-------------------------------------------
     0 | D:1      | Gargoyl the Gargoyle Berserker began the quest for the Orb.
     0 | D:1      | Reached XP level 1. HP: 14/14 MP: 1/1
   111 | D:1      | Reached XP level 2. HP: 14/19 MP: 2/2
   287 | D:1      | Reached XP level 3. HP: 20/24 MP: 3/3
   337 | D:1      | Found Silyixi's Vocational Training.
   609 | D:2      | Noticed Natasha
   622 | D:2      | Killed Natasha
   623 | D:2      | Reached XP level 4. HP: 25/29 MP: 4/4
   696 | D:2      | Reached ** piety under Trog
   731 | D:2      | Noticed Natasha
   740 | D:2      | Killed Natasha
   801 | D:2      | Noticed Natasha
   815 | D:2      | Killed Natasha
   930 | D:2      | Reached XP level 5. HP: 33/33 MP: 5/5
  1557 | D:3      | Reached skill level 5 in Axes
  1695 | D:3      | Reached XP level 6. HP: 32/38 MP: 6/6
  2602 | D:5      | Entered Level 5 of the Dungeon
  2617 | D:5      | Reached skill level 3 in Armour
  2970 | D:5      | Noticed Dowan
  2971 | D:5      | Noticed Duvessa
  2979 | D:5      | Killed Duvessa
  2980 | D:5      | Reached XP level 7. HP: 43/43 MP: 7/7
  2981 | D:5      | Killed Dowan
  3036 | D:5      | Reached skill level 4 in Armour
  3213 | D:5      | Found an opulent altar of Gozag.
  3215 | D:5      | Found an ornate altar of the Wu Jian Council.
  3225 | D:5      | Identified the +2 helmet of Dufulosh {rF+++ rC- Slay-2
                  | SInv}
  3551 | D:6      | Noticed Grinder
  3555 | D:6      | Paralysed by Grinder for 2 turns
  3567 | D:6      | Reached skill level 5 in Armour
  3567 | D:6      | Reached XP level 8. HP: 46/48 MP: 8/8
  3569 | D:6      | Killed Grinder
  3757 | D:6      | Gained mutation: Your natural rate of healing is unusually
                  | fast. [potion of mutation]
  3757 | D:6      | Gained mutation: You are strong-willed. (Will+) [potion of
                  | mutation]
  3911 | D:6      | Noticed a wyvern
  3918 | D:6      | Killed a wyvern
  3919 | D:6      | Reached skill level 6 in Armour
  4219 | D:7      | Noticed a yak
  4226 | D:7      | Killed a yak
  4257 | D:7      | Noticed a two-headed ogre
  4262 | D:7      | Killed a two-headed ogre
  4262 | D:7      | Noticed a two-headed ogre
  4263 | D:7      | Reached skill level 5 in Fighting
  4263 | D:7      | Reached skill level 7 in Armour
  4263 | D:7      | Reached XP level 9. HP: 54/54 MP: 9/9
  4273 | D:7      | Killed a two-headed ogre
  4274 | D:7      | Reached skill level 8 in Armour
  4328 | D:7      | Identified the +0 leather armour of Hedge Wizardry {rN+
                  | Slay+3}
  4427 | D:7      | Found a staircase to the Ecumenical Temple.
  4560 | D:7      | Noticed a cyan ugly thing
  4649 | D:6      | Killed an unseen horror
  4650 | D:6      | Reached skill level 5 in Dodging
  4650 | D:6      | Reached XP level 10. HP: 25/60 MP: 10/10
  4692 | D:6      | Killed a cyan ugly thing
  4693 | D:6      | Reached skill level 9 in Armour
  4862 | D:6      | Reached skill level 1 in Stealth
  5115 | D:7      | Found a burning altar of Makhleb.
  5116 | D:7      | Found a radiant altar of Vehumet.
  5279 | D:7      | Found a glowing silver altar of Zin.
  5281 | D:7      | Found a bloodstained altar of Trog.
  5482 | D:8      | Noticed Prince Ribbit
  5507 | D:8      | Killed Prince Ribbit
  5617 | D:8      | Found a hide-covered altar of Uskayaw.
  5777 | D:8      | Noticed Erica
  5808 | D:8      | Killed Erica
  6059 | D:9      | Reached skill level 10 in Armour
  6209 | D:9      | Reached skill level 1 in Shields
  6224 | D:9      | Killed from afar by an orc priest

Illustrated notes

Levels and vault maps discovered:
D:1:      psy_arrival_statuary, layout_basic, nicolae_shop_vocational
D:2:      layout_basic, uniq_natasha
D:3:      layout_basic
D:4:      layout_rooms
D:5:      layout_loops_ring, jmf_multi_god_temple, uniq_duvessa
D:6:      layout_basic, uniq_grinder
D:7:      minmay_the_grid_octo_triangle [minmay_the_grid_octo_teeth,
          minmay_the_grid_octo_prize_single_spiral,
          minmay_the_grid_octo_checkered], layout_cave_pools,
          grunt_temple_overflow_lords_of_destruction,
          chequers_temple_overflow_statue_of_worship, minmay_temple_entry_tees,
          serial_bayou, serial_bayou_crossing, serial_bayou_pond_e,
          serial_bayou_shore_b, serial_bayou_shore_b
D:8:      layout_rooms, kennysheep_mini_moat, uniq_prince_ribbit1, uniq_erica
D:9:      layout_basic, gammafunk_ghost_grave, chequers_serial_rivers_marsh

Skill      XL: |  1  2  3  4  5  6  7  8  9 10 |
---------------+-------------------------------+-----
Axes           | 3 4 5 6 7 8 9 |  9.6
Dodging        | 2 3 4 5 6 |  6.0
Fighting       | 4 5 6 |  6.8
Armour         | 3 5 7 8 10 | 10.2
Stealth        | 1 |  1.0
Shields        | 1 |  1.1

Action                     |  1- 3 |  4- 6 |  7- 9 | 10-12 || total
---------------------------+-------+-------+-------+-------++-------
  Melee: Hand axe          |    70 |   210 |   185 |   221 ||   686
         Punch             |       |     4 |     1 |       ||     5
 Invoke: Berserk           |     1 |     6 |     9 |     8 ||    24
         Trog's Hand       |       |     4 |     5 |     4 ||    13
    Use: Scroll            |     4 |     5 |     9 |     4 ||    22
         Potion            |       |       |     4 |       ||     4
 Armour: Animal skin       |    20 |       |       |       ||    20
         Ring mail         |    35 |   133 |       |       ||   168
         Chain mail        |       |     5 |   238 |   246 ||   489
         Skin              |       |       |    10 |       ||    10
  Dodge: Dodged            |    55 |   148 |    89 |   110 ||   402
  Block: Buckler           |       |       |       |    28 ||    28

Table legend: (Time is in decaauts)
 A = Elapsed time spent in this place.
 B = Non-inter-level travel time spent in this place.
 C = Inter-level travel time spent in this place.
 D = Time resting spent in this place.
 E = Time spent auto-exploring this place.
 F = Levels seen in this place.
 G = Mean time per level.
                   A        B        C        D        E       F      G
               +--------+--------+--------+--------+--------+-----+--------+
         Total |   6471 |   6279 |    192 |    466 |   4161 |   9 |  719.0 |
       Dungeon |   6471 |   6279 |    192 |    466 |   4161 |   9 |  719.0 |
               +--------+--------+--------+--------+--------+-----+--------+

Top non-repeatable levels by time:
     D:6: 1210 daAuts
     D:7: 960 daAuts
     D:2: 890 daAuts
     D:5: 840 daAuts
     D:3: 633 daAuts
     D:8: 613 daAuts
     D:4: 586 daAuts
     D:1: 543 daAuts
     D:9: 193 daAuts
